Map: Kairos Junction LE

Players

puCK (Nina) - Winner!

  • Race: Protoss Protoss
  • League: Grandmaster
  • Spawn Location: 11:00

MCanning

  • Race: Protoss Protoss
  • Spawn Location: 5:00

Event: 2019 WCS Winter Americas

VOD

Have the link to the VOD?

Description

Time

  • Played on: Feb. 16, 2019, 2:14 p.m.
  • Length: 13:37

All games in this series

Show
View Real Time Build Order
Export as new Build Order

puCK Protoss - Winner!

Build Orders: Blink Stalkers 

Get SALT Encoding   

  12  0:00  Probe  
  13  0:12  Probe  
  14  0:19  Pylon  
  14  0:24  Probe  
  15  0:33  Probe  
  15  0:38  Gateway  
  15  0:41  Probe  
  16  0:49  Assimilator  
  17  0:51  Probe  
  17  0:56  Assimilator  
  18  1:00  Probe  
  19  1:08  Probe  
  19  1:09  Gateway  
  19  1:17  Probe  
  20  1:25  Cybernetics Core  
  21  1:29  Probe  
  22  1:34  Pylon  
  22  1:41  Probe  
  23  1:54  Probe  
  24  2:01  Stalker, Sentry  
  24  2:06  Probe  
  29  2:10  Warp Gate  
  29  2:11  Pylon  
  29  2:18  Probe  
  30  2:25  Void Ray  
  30  2:29  Stalker  
  32  2:31  Stalker  
  34  2:40  Probe  
  35  2:46  Twilight Council  
  36  3:05  Stalker x2  
  39  3:16  Nexus  
  39  3:23  Pylon, Blink  
  39  3:41  Probe  
  39  3:44  Pylon  
  39  3:47  Robotics Facility  
  40  3:53  Probe  
  41  4:02  Adept x2  
  45  4:05  Probe  
  46  4:17  Probe  
  47  4:29  Probe  
  48  4:35  Stalker  
  48  4:36  Stalker  
  48  4:37  Probe  
  51  4:40  Probe  
  51  4:41  Robotics Bay  
  51  4:45  Probe  
  52  4:48  Probe  
  52  4:56  Probe x2  
  52  4:58  Assimilator  
  52  4:59  Assimilator  
  52  5:02  Stalker  
  52  5:03  Observer  
  52  5:04  Stalker  
  58  5:08  Probe  
  58  5:10  Probe  
  59  5:19  Probe  
  59  5:20  Probe  
  60  5:21  Pylon  
  61  5:31  Disruptor  
  61  5:33  Phoenix, Probe  
  62  5:39  Probe  
  64  5:45  Probe  
  64  5:49  Stalker x2  
  69  5:51  Probe  
  69  5:56  Gateway  
  70  5:57  Gateway  
  70  6:04  Pylon x2  
  70  6:13  Probe  
  70  6:22  Probe, Adept  
  70  6:23  Adept  
  70  6:24  Disruptor  
  70  6:25  Probe  
  79  6:28  Pylon  
  79  6:30  Pylon  
  79  6:34  Probe  
  80  6:40  Probe  
  81  6:49  Probe  
  81  6:50  Stalker x2  
  81  6:53  Gateway  
  81  6:54  Gateway  
  66  6:56  Gateway  
  66  6:57  Stalker, Disruptor  
  66  7:00  Stalker  
  73  7:25  Stalker x2  
  73  7:26  Nexus  
  77  7:34  Observer  
  78  7:43  Stalker x2  
  82  7:48  Stalker x2  
  82  7:50  Stalker  
  88  7:54  Disruptor  
  91  7:58  Forge  
  91  8:06  Probe  
  91  8:07  Robotics Facility  
  91  8:10  Probe  
  93  8:15  Observer  
  93  8:19  Stalker x3  
  99  8:33  Disruptor  
  99  8:44  Photon Cannon  
  98  8:50  Photon Cannon, Probe  
  98  8:51  Probe  
  98  8:52  Probe  
  98  8:53  Zealot x2, Photon Cannon  
  105  9:03  Probe x2  
  105  9:04  Probe  
  105  9:06  Disruptor  
  105  9:09  Photon Cannon  
  111  9:11  Observer, Pylon  
  112  9:24  Probe  
  113  9:25  Probe x2  
  113  9:27  Assimilator  
  113  9:28  Assimilator  
  115  9:33  Observer  
  115  9:36  Probe  
  117  9:40  Probe  
  117  9:42  Disruptor  
  121  9:52  Probe  
  116  9:53  Disruptor  
  117  10:03  Probe  
  117  10:04  Probe  
  119  10:09  Stalker x3  
  125  10:14  Pylon  
  125  10:17  Protoss Ground Weapons Level 1  
  125  10:18  Pylon  
  125  10:19  Pylon  
  125  10:28  Pylon  
  125  10:32  Probe, Disruptor  
  129  10:38  Nexus  
  129  10:42  Stalker x6  
  137  10:49  Disruptor  
  138  11:00  Stalker  
  136  11:11  Stalker x6  
  136  11:12  Observer  
  141  11:26  Disruptor  
  141  11:27  Disruptor  
  141  11:29  Stalker  
  146  11:45  Stalker x5  
  156  11:49  Pylon  
  156  11:52  Pylon  
  156  12:02  Disruptor  
  156  12:08  Stalker x7  
  163  12:12  Disruptor  
  172  12:27  Photon Cannon  
  172  12:31  Photon Cannon  
  170  12:38  Stalker x5  
  170  12:39  Stalker x2  
  172  12:54  Disruptor  
  159  13:15  Stalker x7  
  170  13:23  Probe  
  163  13:27  Assimilator  
  163  13:29  Assimilator  
Show
View Real Time Build Order
Export as new Build Order

MCanning Protoss 

Build Orders:  

Get SALT Encoding   

  12  0:00  Probe  
  13  0:12  Probe  
  14  0:18  Pylon  
  14  0:24  Probe  
  15  0:33  Probe  
  15  0:37  Gateway  
  15  0:41  Probe  
  16  0:47  Assimilator  
  17  0:51  Probe  
  17  0:55  Assimilator  
  18  1:00  Probe  
  19  1:08  Probe  
  19  1:12  Gateway  
  19  1:17  Probe  
  21  1:27  Cybernetics Core  
  21  1:29  Probe  
  22  1:36  Pylon  
  22  1:41  Probe  
  23  1:54  Warp Gate, Probe  
  24  2:03  Stalker, Sentry  
  28  2:10  Probe  
  28  2:14  Pylon  
  29  2:19  Pylon  
  29  2:33  Sentry  
  31  2:40  Nexus  
  31  2:43  Sentry  
  33  2:50  Pylon  
  33  2:59  Robotics Facility  
  33  3:13  Shield Battery  
  33  3:17  Probe  
  34  3:29  Probe  
  35  3:41  Probe  
  35  3:46  Stalker, Pylon  
  35  3:47  Stalker  
  40  3:52  Probe  
  40  3:53  Probe  
  42  3:55  Robotics Bay  
  42  4:00  Probe  
  42  4:01  Immortal  
  42  4:05  Probe  
  44  4:16  Shield Battery  
  48  4:20  Stalker  
  50  4:25  Adept  
  51  4:38  Probe  
  50  4:40  Disruptor  
  50  4:44  Adept  
  50  4:46  Adept  
  51  4:56  Probe  
  50  5:02  Probe  
  51  5:08  Probe, Pylon  
  52  5:16  Probe  
  52  5:17  Disruptor  
  56  5:26  Gateway  
  56  5:32  Stalker, Zealot  
  54  5:36  Probe  
  54  5:39  Probe  
  54  5:44  Probe  
  54  5:48  Probe  
  55  5:50  Assimilator  
  55  5:52  Assimilator  
  55  5:53  Observer  
  55  5:55  Probe  
  55  5:56  Probe  
  59  6:07  Probe x2  
  59  6:08  Twilight Council  
  61  6:19  Probe  
  61  6:20  Probe  
  61  6:23  Blink  
  63  6:29  Disruptor  
  63  6:31  Probe, Shield Battery  
  67  6:34  Probe  
  68  6:40  Stalker  
  68  6:49  Stalker x2  
  69  6:58  Probe  
  69  7:01  Nexus  
  70  7:03  Pylon  
  70  7:09  Pylon  
  70  7:14  Pylon  
  70  7:17  Gateway  
  70  7:21  Probe  
  71  7:23  Disruptor, Gateway  
  71  7:29  Probe  
  75  7:31  Sentry  
  75  7:35  Zealot  
  79  7:43  Probe  
  80  7:45  Robotics Facility  
  80  7:53  Observer  
  80  7:54  Gateway  
  80  7:55  Pylon  
  80  7:57  Probe  
  81  7:59  Probe, Dark Shrine  
  83  8:09  Probe  
  83  8:11  Probe  
  85  8:14  Observer  
  85  8:16  Stalker x3  
  91  8:20  Disruptor  
  94  8:32  Stalker  
  94  8:33  Stalker, Disruptor  
  98  8:37  Probe  
  97  8:51  Probe  
  97  8:52  Probe  
  97  8:53  Stalker x3  
  105  8:56  Probe  
  105  8:57  Disruptor  
  104  9:07  Probe  
  106  9:10  Assimilator  
  106  9:13  Assimilator  
  106  9:17  Shield Battery  
  106  9:18  Shield Battery  
  107  9:29  Dark Templar x2  
  110  9:38  Disruptor  
  110  9:50  Stalker  
  100  9:54  Disruptor  
  87  10:14  Probe  
  87  10:21  Nexus  
  87  10:23  Probe  
  86  10:29  Probe, Disruptor  
  86  10:33  Pylon  
  86  10:35  Dark Templar  
  92  10:43  Pylon  
  92  10:51  Stalker x3  
  97  11:09  Stalker  
  97  11:10  Stalker x2  
  87  11:26  Stalker x2  
  87  11:27  Stalker  
  93  11:34  Observer  
  93  11:36  Assimilator x2  
  94  11:42  Observer, Stalker x3  
  101  11:58  Probe, Disruptor  
  98  12:06  Disruptor  
  101  12:10  Zealot x3  
  101  12:11  Probe  
  105  12:24  Probe  
  105  12:28  Disruptor  
  99  12:33  Probe  
  97  12:41  Stalker x3, Zealot  
  97  12:42  Zealot x2  
  104  12:45  Probe  
  104  12:47  Probe  
  79  13:10  Stalker  
  79  13:11  Stalker  
Tags
 
Add a new tag
Caveats
  • Supply blocks, unpowered buildings, or Contaminate may cause inaccurate times.
  • Supply counts are checked every 10 seconds.